 Dungeon Crawl Stone Soup version 0.31-a0-236-g9a0961fb85 (webtiles) character file.

Game seed: 18297191736411086087

290 qw the Shooter (level 6, -2/52 HPs)
             Began as a Minotaur Hexslinger on July 10, 2023.
             Slain by a gnoll
             ... wielding a +0 whip
              (7 damage)
             ... on level 4 of the Dungeon.
             The game lasted 00:01:13 (2381 turns).

qw the Shooter (Minotaur Hexslinger)                Turns: 2381, Time: 00:01:14

Health: -2/52      AC:  5    Str: 18    XL:     6   Next: 9%
Magic:  6/6        EV: 11    Int: 10    God:
Gold:   20         SH:  0    Dex: 15    Spells: 6/7 levels left

rFire   . . .        Y - +1 sling
rCold   . . .        (no shield)
rNeg    . . .        e - +0 ring mail
rPois   .            (helmet restricted)
rElec   .            (no cloak)
rCorr   .            (no gloves)
SInv    .            (no boots)
Will    .....        (no amulet)
Stlth   +            g - +6 ring of strength
HPRegen 0.28/turn    (no ring)
MPRegen 0.10/turn

%: no passive effects
@: about to teleport
A: horns 2, retaliatory headbutt
a: no special abilities


You were on level 4 of the Dungeon.
You visited 1 branch of the dungeon, and saw 4 of its levels.

You collected 160 gold pieces.
You spent 140 gold pieces at shops.


Innate Abilities, Weirdness & Mutations

You have a pair of horns on your head.
You reflexively headbutt those who attack you in melee.


   Skills:
 + Level 3.9 Fighting
 - Level 6.0 Ranged Weapons
 - Level 1.0 Armour
 - Level 2.1 Dodging
 - Level 1.0 Spellcasting
 - Level 2.0 Hexes


You had 6 spell levels left.
You knew the following spells:

 Your Spells              Type           Power      Damage    Failure   Level
a - Slow                  Hex            16%        N/A       26%         1

Your spell library contained the following spells:

 Spells                   Type           Power      Damage    Failure   Level
 Inner Flame              Hex/Fire       2%         N/A       77%         3
 Portal Projectile        Hex/Tloc       4%         N/A       77%         3
 Cause Fear               Hex            2%         N/A       95%         4

Inventory:

Hand Weapons
 Y - a +1 sling (weapon)
Armour
 e - a +0 ring mail (worn)
Jewellery
 g - a +6 ring of strength (left hand)
Scrolls
 k - a scroll of identify
Potions
 b - a potion of might
 d - 2 potions of cancellation
 h - 5 potions of curing
 j - a potion of haste {unknown}
 l - a potion of brilliance {unknown}
 m - a potion of resistance {unknown}

Dungeon Overview and Level Annotations

Branches:
Dungeon (4/15)
 Temple: D:4-7

Altars:

Shops:
D:4 !


Message History

The sling bullet hits the gnoll but does no damage.
The gnoll is almost dead.
The gnoll hits you from afar with a +0 halberd.
The gnoll hits you with a +0 club. The gnoll completely misses you.
You shoot a sling bullet. The sling bullet hits the gnoll.
You kill the gnoll!
The gnoll hits you from afar with a +0 halberd!
You shoot a sling bullet.
The sling bullet hits the gnoll but does no damage.
The gnoll hits you with a +0 whip! The gnoll barely misses you.
You shoot a sling bullet.
The sling bullet closely misses the gnoll.
The gnoll barely misses you.
The gnoll hits you from afar with a +0 halberd!
You shoot a sling bullet. The sling bullet hits the gnoll.
The gnoll is moderately wounded.
The gnoll barely misses you.
The gnoll hits you from afar with a +0 halberd.
The gnoll closely misses you. The gnoll misses you.
You shoot a sling bullet.
The sling bullet barely misses the gnoll.
The gnoll hits you with a +0 whip. The gnoll misses you.
You shoot a sling bullet. The sling bullet hits the gnoll.
The gnoll is moderately wounded.
The gnoll closely misses you. x2
You shoot a sling bullet. The sling bullet hits the gnoll.
The gnoll is moderately wounded.
The gnoll hits you with a +0 whip. The gnoll closely misses you.
You shoot a sling bullet. The sling bullet hits the gnoll.
The gnoll is severely wounded.
The gnoll hits you with a +0 whip. The gnoll completely misses you.
2380 ||| READING scroll of teleportation.
As you read the scroll of teleportation, it crumbles to dust.
You feel strangely unstable. The gnoll hits you with a +0 whip.
The gnoll closely misses you.
You shoot a sling bullet.
The sling bullet closely misses the gnoll.
The gnoll hits you with a +0 whip. The gnoll closely misses you.
The gnoll hits you with a +0 whip!
You die...

####<..#.# #........#
#......#># ........
#.##.#.#.#
.......#.#.##.#.#.#
..>..##.#.##.#.#.#
#....##.#.##.#.#.# #
#..g.##)#.##.#.#.# #
#....##%#.#..#.#.# #
#..@g##.#.##.#.#:# # ###
#....##.#....#.#.### ..##.#
###.###.#..###.#.)<. #.##.#
#######.##..#..# #.#...#
#.##.# ........#.#.#..#
#.#.#.8 #.##.#
########..#.#..# #.#.###
#.##.#.#######.#)#.#..###<#.#
#.##.#........##.#.#....#.#.#
#.##.#######.##..#....#.#.#.#


You could see 2 gnolls.

Vanquished Creatures
  A scorpion (D:4)
  A hound (D:4)
  Jessica (D:2)
  An orc wizard (D:3)
  Robin (D:2)
  A gnoll (D:4)
  2 adders
  2 worms (D:3)
  4 dart slugs
  7 orcs
  6 bats
  7 endoplasms
  2 giant cockroaches
  6 hobgoblins
  6 jackals
  A quokka (D:1)
  9 ball pythons
  A frilled lizard (D:2)
  16 goblins
  7 kobolds
  5 rats
87 creatures vanquished.

Notes
Turn   | Place    | Note
-------+----------+-------------------------------------------
     0 | D:1      | qw the Minotaur Hexslinger began the quest for the Orb.
     0 | D:1      | Reached XP level 1. HP: 16/16 MP: 1/1
     0 | D:1      | 0 ||| qw: Version: 0.3-a-52-g30416fa
     0 | D:1      | 0 ||| qw: Game counter: 4639
     0 | D:1      | 0 ||| qw: Melee chars always use a shield: true
     0 | D:1      | 0 ||| qw: God list: Okawaru
     0 | D:1      | 0 ||| qw: Allow faded altars: false
     0 | D:1      | 0 ||| qw: Do Orc after clearing Dungeon:15 true
     0 | D:1      | 0 ||| qw: Do second Lair branch before Depths: true
     0 | D:1      | 0 ||| qw: Lair rune preference: random
     0 | D:1      | 0 ||| qw: Goals: Normal
     0 | D:1      | 0 ||| PLANNING D:1-11
   137 | D:1      | Reached skill level 3 in Ranged Weapons
   152 | D:1      | Reached XP level 2. HP: 23/23 MP: 2/2
   474 | D:1      | 474 ||| UPGRADING to +0 ring mail.
   484 | D:1      | 484 ||| DROPPING +0 robe.
   485 | D:1      | 485 ||| UPGRADING to +6 ring of strength.
   486 | D:1      | 486 ||| READING scroll labelled TAUZOVV FAUBEF.
   491 | D:1      | 491 ||| READING scroll labelled ONAF ZUYTULOEN.
   492 | D:1      | 492 ||| READING scroll labelled ZIERCH ILUCW.
   493 | D:1      | 493 ||| DROPPING scroll of poison.
   615 | D:2      | Reached XP level 3. HP: 29/29 MP: 3/3
   633 | D:2      | Reached skill level 4 in Ranged Weapons
   636 | D:2      | Noticed Robin
   652 | D:2      | Killed Robin
   749 | D:2      | Reached XP level 4. HP: 36/36 MP: 4/4
   790 | D:2      | Noticed Jessica
   795 | D:2      | Killed Jessica
   796 | D:2      | Reached skill level 5 in Ranged Weapons
   842 | D:2      | Found a faded altar of an unknown god.
  1200 | D:2      | 1200 ||| READING scroll labelled GULEMU TUORA.
  1201 | D:2      | 1201 ||| READING scroll labelled TATOSCHA WOZXYA.
  1227 | D:3      | Reached skill level 3 in Fighting
  1227 | D:3      | Reached XP level 5. HP: 45/45 MP: 5/5
  1478 | D:3      | Reached skill level 1 in Armour
  1991 | D:3      | 1991 ||| READING 2 scrolls labelled XUPRUA DOD ITU.
  1992 | D:3      | 1992 ||| READING scroll labelled FAIKOA MU XEMP.
  1993 | D:3      | 1993 ||| READING scroll labelled OCAHUC DAARR.
  1994 | D:3      | 1994 ||| DRINKING 4 glowing purple potions.
  1995 | D:3      | 1995 ||| READING 3 scrolls of identify.
  1995 | D:3      | 1995 ||| IDENTIFYING bubbling golden potion
  1996 | D:3      | 1996 ||| READING 2 scrolls of identify.
  1996 | D:3      | 1996 ||| IDENTIFYING murky pink potion
  1997 | D:3      | 1997 ||| DROPPING scroll of summoning.
  1998 | D:3      | 1998 ||| DROPPING 3 potions of magic.
  2013 | D:4      | Found Zaacir's Distillery.
  2017 | D:4      | 2017 ||| BUYING potion of cancellation (80 gold).
  2017 | D:4      | Bought a potion of cancellation for 80 gold pieces
  2017 | D:4      | 2017 ||| BUYING potion of curing (30 gold).
  2017 | D:4      | Bought a potion of curing for 30 gold pieces
  2017 | D:4      | 2017 ||| BUYING potion of curing (30 gold).
  2017 | D:4      | Bought a potion of curing for 30 gold pieces
  2017 | D:4      | 2017 ||| SHOPLISTING potion of heal wounds (50 gold, have
                  | 10).
  2017 | D:4      | 2017 ||| SHOPLISTING potion of might (40 gold, have 10).
  2017 | D:4      | 2017 ||| SHOPLISTING potion of resistance (100 gold, have
                  | 10).
  2161 | D:4      | Reached skill level 6 in Ranged Weapons
  2252 | D:4      | 2252 ||| FLEEEEING.
  2253 | D:4      | 2253 ||| FLEEEEING.
  2254 | D:4      | 2254 ||| FLEEEEING.
  2255 | D:4      | 2255 ||| FLEEEEING.
  2299 | D:4      | Reached XP level 6. HP: 52/52 MP: 6/6
  2379 | D:4      | HP: 11/52 [gnoll/+0 whip (5)]
  2380 | D:4      | 2380 ||| READING scroll of teleportation.
  2381 | D:4      | HP: 5/52 [gnoll/+0 whip (3)]
  2381 | D:4      | Slain by a gnoll

Levels and vault maps discovered:
D:1:      wander_arrival_lonely_grave, layout_rooms, nrook_loot_triangle
D:2:      layout_basic, shapermc_ecumenical_altar_starsandcircs, uniq_jessica,
          uniq_robin
D:3:      layout_loops_ring
D:4:      layout_basic, general_overflow_altar, serial_shops, shop_statue,
          minmay_cut_off, uniq_pikel

Skill      XL: |  1  2  3  4  5 |
---------------+----------------+-----
Ranged Weapons | 3 4 5 6 |  6.0
Fighting       | 2 3 |  3.9
Armour         | 1 |  1.0
Dodging        | |  2.1
Spellcasting   | |  1.0
Hexes          | |  2.0

Action                     |  1- 3 |  4- 6 || total
---------------------------+-------+-------++-------
   Fire: Sling             |    98 |   199 ||   297
    Use: Scroll            |     3 |     8 ||    11
         Potion            |       |     1 ||     1
 Armour: Ring mail         |    25 |    27 ||    52
         Robe              |     1 |       ||     1
  Dodge: Dodged            |    22 |    64 ||    86

Table legend:
 A = Non-vault XP
 B = Vault XP
 C = Vault XP percentage of total XP
 D = Non-vault monster count
 E = Vault monster count
 F = Vault count percentage of total count
                 A         B        C        D         E       F
            +---------+---------+-------+---------+---------+-------
      Total |     253 |     162 |  39.0 |      71 |      16 |  18.4
            +---------+---------+-------+---------+---------+-------
        D:1 |      35 |       0 |   0.0 |      19 |       0 |   0.0
        D:2 |      61 |      75 |  55.1 |      29 |      13 |  31.0
        D:3 |      90 |       0 |   0.0 |      17 |       0 |   0.0
        D:4 |      67 |      87 |  56.5 |       6 |       3 |  33.3
            +---------+---------+-------+---------+---------+-------
